 Dungeon Crawl Stone Soup version 0.30.1-9-gdf580d7c3d (webtiles) character file.

Game seed: 9578822669310338741

1 Zalbag the Magician (level 1, -1/15 HPs)
             Began as a Djinni Fire Elementalist on Oct 25, 2023.
             Slain by a quokka (4 damage)
             ... on level 1 of the Dungeon.
             The game lasted 00:00:15 (78 turns).

Zalbag the Magician (Djinni Fire Elementalist)        Turns: 78, Time: 00:00:15

Health: -1/15      AC:  2    Str:  7    XL:     1   Next: 22%
Gold:   13         EV: 12    Int: 16    God:
                   SH:  0    Dex: 13

rFire   + + .        b - +0 dagger
rCold   x . .        (no shield)
rNeg    . . .        a - +0 robe
rPois   ∞            (no helmet)
rElec   .            (no cloak)
rCorr   .            (no gloves)
SInv    .            (boots unavailable)
Will    .....        (no amulet)
Stlth   ++           (no ring)
HPRegen 0.22/turn    (no ring)
MPRegen 0.00/turn

%: infuse magic (-2 HP)
@: flying
A: sickness immunity, fire resistance 2, cold vulnerability 1, float, innate
caster, HP casting, extra vitality 1
a: no special abilities


You were on level 1 of the Dungeon.
You visited 1 branch of the dungeon, and saw 1 of its levels.

You collected 13 gold pieces.

Inventory:

Hand Weapons
 b - a +0 dagger (weapon)
Armour
 a - a +0 robe (worn)


   Skills:
 - Level 2.1 Dodging
 - Level 1.5 Stealth
 + Level 2.4 Spellcasting


You knew the following spells:

 Your Spells              Type           Power      Damage    Failure   Level
a - Foxfire               Conj/Fire      36%        2x1d5     7%          1
b - Scorch                Fire           18%        2d6       11%         2
c - Volatile Blastmotes   Fire/Tloc      18%        2d11      22%         3
d - Inner Flame           Hex/Fire       9%         N/A       22%         3
e - Flame Wave            Conj/Fire      9%         2d6       56%         4
Your spell library was empty.

Dungeon Overview and Level Annotations

Branches:
Dungeon (1/15)

Altars:


Innate Abilities, Weirdness & Mutations

You are immune to sickness and miasma.
You are immune to poison.
Your flesh is very heat resistant. (rF++)
You are vulnerable to cold. (rC-)
You float through the air rather than walking.
You learn spells naturally, not from books.
Your magical power is your life essence.
You have superior vitality. (+4 MHP)


Message History

Welcome, Zalbag the Djinni Fire Elementalist.
The heart of this dungeon contains the fabulous artefact, the Orb of Zot.
Press ? for a list of commands and other information.
Found a staircase leading out of the dungeon.
You begin with the following spells memorised: Foxfire, Scorch, Volatile Blastmotes, Inner Flame, Flame Wave.
You now have 13 gold pieces.
A goblin comes into view. It is wielding a +0 dagger.
Found 9 gold pieces.
Cast which spell? (? or * to list)
You conjure some foxfire!
The goblin shouts!
The foxfire hits the goblin.
You kill the goblin!
Your foxfire dissipates!
You see here a +0 dagger.
b - a +0 dagger
b - a +0 dagger (weapon)
A quokka comes into view.
The quokka closely misses you.
You hit the quokka but do no damage. The quokka closely misses you.
You barely miss the quokka. The quokka bites you.
You hit the quokka but do no damage. The quokka completely misses you.
You closely miss the quokka. The quokka bites you.
You closely miss the quokka. The quokka bites you.
The quokka barely misses you.
You hit the quokka but do no damage. The quokka completely misses you.
You barely miss the quokka. The quokka bites you.
You are too injured to fight recklessly!
You are too injured to fight recklessly!
You are too injured to fight recklessly!
You are too injured to fight recklessly!
You are too injured to fight recklessly!
Casting: Foxfire (safe; 7% risk of failure)
Confirm with . or Enter, or press ? or * to list all spells.
You conjure some foxfire!
The quokka bites you.
* * * LOW HITPOINT WARNING * * *
Your foxfire dissipates!
The quokka bites you.
You die...

#.# #.# #.
#.# #.# #.
.######.###.#
#.
............#
#.
........#####
#. #######.#
#. #.# #.
#.########.#
#.
#.......r@$#
#####.
#..#######.#
#..... #.#
###.###. ..#
##.....#. ###
#........
##........
#....<....
#........#
#........#


You could see a quokka.

Vanquished Creatures
  A goblin (D:1)
1 creature vanquished.

Vanquished Creatures (others)
  A foxfire (D:1)
1 creature vanquished.

Grand Total: 2 creatures vanquished

Notes
Turn   | Place    | Note
-------+----------+-------------------------------------------
     0 | D:1      | Zalbag the Djinni Fire Elementalist began the quest for the
                  | Orb.
     0 | D:1      | Zalbag set off with the following spells memorised:
                  | Foxfire, Scorch, Volatile Blastmotes, Inner Flame, Flame
                  | Wave.
     0 | D:1      | Reached XP level 1. HP: 15/15 MP: 0/0
    78 | D:1      | Slain by a quokka

Illustrated notes

Levels and vault maps discovered:
D:1:      dpeg_arrival_orchard, layout_loops_ring

Action                     || total
---------------------------++-------
  Melee: Dagger            ||     7
   Cast: Foxfire           ||     2
  Dodge: Dodged            ||     5
